 Dungeon Sprint DCSS version 0.21.1-1-g345015f (webtiles) character file.

94 equalderp2856 the Covered (level 4, -11/45 HPs)
             Began as a Minotaur Fighter on May 25, 2018.
             Mangled by a neqoxec (12 damage)
             ... while paralysed
             ... in the Dungeon (Sprint II: "The Violet Keep of Menkaure").
             The game lasted 00:00:33 (263 turns).

equalderp2856 the Covered (Minotaur Fighter)         Turns: 263, Time: 00:00:33

Health: -11/45     AC:  7    Str: 20    XL:     4   Next: 38%
Magic:  3/3        EV:  2    Int: -2 (5) God:
Gold:   243        SH:  0    Dex: 11    Spells: 3/3 levels left

rFire    . . .     SeeInvis .   a - +0 war axe
rCold    . . .     Gourm    .   c - +0 shield
rNeg     . . .     Faith    .   b - +0 scale mail
rPois    .         Spirit   .   (helmet restricted)
rElec    .         Reflect  .   (no cloak)
rCorr    .         Harm     .   (no gloves)
MR       .....     NoTele   +   (no boots)
Stlth    ..........             (no amulet)
HPRegen  0.15/turn              (no ring)
MPRegen  0.08/turn              (no ring)

@: paralysed, slowed, lost intelligence
A: retaliatory headbutt, horns 2
a: no special abilities


You were in the Dungeon.
You were not hungry.

You visited 1 branch You collected 243 gold pieces.

Inventory:

Hand Weapons
 a - a +0 war axe (weapon)
Armour
 b - a +0 scale mail (worn)
 c - a +0 shield (worn)
Scrolls
 k - a scroll of blinking
Potions
 d - a potion of might
 g - a potion of heal wounds
 h - a potion of haste
 i - 2 potions of magic
 j - a potion of berserk rage
Comestibles
 f - a ration


   Skills:
 + Level 6.4 Fighting
 + Level 5.4 Axes
 + Level 6.5 Armour
 + Level 1.0 Dodging
 + Level 6.0 Shields


You had 3 spell levels left.
You didn't know any spells.

Dungeon Overview and Level Annotations

Branches:
Dungeon (1/1)

Altars:


Innate Abilities, Weirdness & Mutations

You reflexively headbutt those who attack you in melee.
You have a pair of horns on your head.


Message History

You barely miss the neqoxec. You headbutt the neqoxec.
The neqoxec is moderately wounded.
The neqoxec hits you but does no damage.
Your shield and scale mail prevent you from hitting the neqoxec.
The neqoxec is moderately wounded.
The walls and floor vibrate strangely for a moment.
The neqoxec gestures.
You block the neqoxec's attack.
The neqoxec hits you but does no damage.
The neqoxec gestures.
You closely miss the neqoxec. Your headbutt misses the neqoxec.
The neqoxec is moderately wounded.
The neqoxec gestures at you.
You feel dopey.
You have lost your intelligence.
Something feeds on your intellect! The neqoxec hits you!
* * * LOW HITPOINT WARNING * * *
The neqoxec gestures at you.
Something tries to feed on your intellect!
The neqoxec hits you!
You die...

##+##
##.#.##
#..#..# #
#.### # ##.
#'# 5#
#.w.##.##55#
#+.<@33#
#.w$##.##3#
##. #+# 3# #


H#H # .# #. ## ## You could see 4 neqoxecs, a quasit, a white imp and a shadow
imp.

Vanquished Creatures
  4 worker ants (D)
4 creatures vanquished.

Notes
Turn   | Place    | Note
-------+----------+-------------------------------------------
     0 | D        | equalderp2856 the Minotaur Fighter began the quest for the Orb.
     0 | D        | Reached XP level 1. HP: 19/19 MP: 0/0
     1 | D        | Noticed a tyrant leech
     1 | D        | Noticed a tyrant leech
     5 | D        | Noticed a worker ant
     5 | D        | Noticed a worker ant
     6 | D        | Noticed a worker ant
     7 | D        | Noticed a worker ant
    16 | D        | Killed a worker ant
    16 | D        | Reached skill level 5 in Fighting
    16 | D        | Reached skill level 5 in Armour
    16 | D        | Reached XP level 2. HP: 18/29 MP: 1/1
    27 | D        | Reached skill level 5 in Shields
    27 | D        | Reached XP level 3. HP: 19/37 MP: 2/2
    35 | D        | Reached XP level 4. HP: 13/44 MP: 3/3
    39 | D        | Reached skill level 5 in Axes
    39 | D        | Reached skill level 1 in Dodging
   249 | D        | Noticed a hippogriff
   249 | D        | Noticed a hippogriff
   253 | D        | Noticed a neqoxec
   253 | D        | Noticed a neqoxec
   253 | D        | Noticed a neqoxec
   253 | D        | Noticed a neqoxec
   262 | D        | Lost intelligence.
   262 | D        | HP: 1/45 [neqoxec (10)]
   263 | D        | Mangled by a neqoxec

Skill      XL: |  1  2  3  4 |
---------------+-------------+-----
Fighting       | 5 6 |  6.4
Axes           | 3 4 5 |  5.4
Armour         | 5 6 |  6.5
Shields        | 4 5 6 |  6.0
Dodging        | 1 |  1.0

Action                   |  1- 3 |  4- 6 || total
-------------------------+-------+-------++-------
Melee: War axe           |    28 |    12 ||    40
       Headbutt          |     7 |     3 ||    10
  Use: Potion            |     1 |       ||     1
Armor: Scale mail        |    11 |     3 ||    14
Dodge: Dodged            |     7 |     2 ||     9
Block: Shield            |    16 |     4 ||    20
